 Dungeon Crawl Stone Soup version 0.20.1-1-g8b1a95d (webtiles) character file.

74 gobwax the Slinger (level 4, -1/29 HPs)
             Began as a Halfling Hunter on July 4, 2017.
             Slain by Robin
             ... wielding a +4 club
              (7 damage)
             ... on level 2 of the Dungeon.
             The game lasted 00:02:24 (1130 turns).

gobwax the Slinger (Halfling Hunter)                Turns: 1130, Time: 00:02:25

Health: -1/29      AC:  4    Str: 13    XL:     4   Next: 52%
Magic:  4/4        EV: 20    Int:  9    God:
Gold:   53         SH:  0    Dex: 20    Spells: 3/3 levels left

rFire    . . .     SeeInvis .   a - +1 hunting sling
rCold    . . .     Gourm    .   (shield restricted)
rNeg     . . .     Faith    .   c - +0 leather armour
rPois    .         Spirit   .   (no helmet)
rElec    .         Reflect  .   (no cloak)
rCorr    .         Harm     .   m - +0 pair of gloves
MR       .....                  (no boots)
Stlth    +++.......             (no amulet)
Regen    0.1/turn               (no ring)
MPRegen  0.1/turn               (no ring)

@: agile, lethally poisoned (-1 -> -4)
A: mutation resistance 1
a: no special abilities


You were on level 2 of the Dungeon.
You were not hungry.

You visited 1 branch of the dungeon, and saw 2 of its levels.

You collected 53 gold pieces.

Inventory:

Hand Weapons
 a - a +1 hunting sling (weapon)
 b - a +0 short sword
Missiles
 d - 13 sling bullets (quivered)
 g - 97 stones
Armour
 c - a +0 leather armour (worn)
 m - a +0 pair of gloves (worn)
Scrolls
 e - a scroll of enchant armour {unknown}
 j - a scroll of identify {unknown}
 k - 2 scrolls of remove curse {unknown}
 n - 2 scrolls of teleportation {unknown}
 o - a scroll of immolation {unknown}
Comestibles
 f - 3 bread rations
 i - 2 meat rations
 l - a royal jelly


   Skills:
 - Level 1.7 Fighting
 * Level 8.2 Slings
 - Level 2.1 Dodging
 - Level 1.1 Stealth


You had 3 spell levels left.
You didn't know any spells.

Dungeon Overview and Level Annotations

Branches:
Dungeon (2/15)

Altars:

Annotations:
D:2 Robin


Innate Abilities, Weirdness & Mutations

You are small and have problems with some larger weapons.
You are somewhat resistant to further mutation.


Message History

Aim: Robin, wielding an enchanted club, wearing an animal skin and wearing a helmet (moderately wounded)
You shoot a sling bullet. The sling bullet barely misses Robin.
The sling bullet closely misses the hobgoblin.
The goblin hits you but does no damage. Robin throws the goblin at you!
The goblin closely misses you. x2
A goblin comes into view. It is wielding a club.
It was a potion of agility.
You feel agile all of a sudden.
You feel sick. The goblin misses you.
The goblin moves out of view.
The goblin hits you.
* * * LOW HITPOINT WARNING * * *
The goblin misses you.
A goblin comes into view.
Robin throws the goblin at you!
* * * LOW HITPOINT WARNING * * *
A goblin comes into view. It is wielding a club.
A goblin comes into view. It is wielding a club.
The goblin shouts! x2
The goblin moves out of view.
Robin hits you with an enchanted club!
You die...

##.## #.# #####...# #.#
#........ #.#
##........
#.######.........
#.##............# ###.
##.##.###...†.#.##
.ggg(##$.....###...##.#
#((g@gg.........##.##
####g.g†..#####.##...
##g##.## #.##### #.##.#
#.# #....# .#####
###### .##... >##.##
.## #.##.## #. ....
#.#...#


You could see Robin, 2 hobgoblins and 6 goblins.

Vanquished Creatures
  3 adders (D:2)
  An ooze (D:2)
  2 dart slugs (D:1)
  2 bats
  3 giant cockroaches
  5 goblins
  2 hobgoblins
  5 jackals
  2 kobolds
  A quokka (D:2)
  4 frilled lizards
  9 rats
39 creatures vanquished.

Notes
Turn   | Place    | Note
-------+----------+-------------------------------------------
     0 | D:1      | gobwax the Halfling Hunter began the quest for the Orb.
     0 | D:1      | Reached XP level 1. HP: 14/14 MP: 1/1
    56 | D:1      | Reached skill level 6 in Slings
   157 | D:1      | Reached XP level 2. HP: 19/19 MP: 2/2
   670 | D:1      | Reached skill level 7 in Slings
   670 | D:1      | Reached XP level 3. HP: 24/24 MP: 3/3
   932 | D:2      | Reached XP level 4. HP: 25/29 MP: 4/4
  1047 | D:2      | Reached skill level 8 in Slings
  1116 | D:2      | Noticed Robin
  1130 | D:2      | Slain by Robin

Skill      XL: |  1  2  3  4 |
---------------+-------------+-----
Slings         | 6 7 8 |  8.2
Fighting       | |  1.7
Dodging        | |  2.1
Stealth        | |  1.1

Action                   |  1- 3 |  4- 6 || total
-------------------------+-------+-------++-------
 Fire: Hunting sling     |    87 |    37 ||   124
  Use: Potion            |       |     1 ||     1
Armor: Leather armour    |     2 |     6 ||     8
Dodge: Dodged            |    14 |    13 ||    27
